Unix NetHack Version 5.0.0-0 post-release - last build May 23 2026 06:08:33 (1c0ff79ee797540d5714e4e18072db0edd9e58ae,branch:main).

Game began 2026-05-24 15:41:10, ended 2026-05-24 16:08:36.

DeathOnAStick, neutral male human Tourist

                                                                   ----
                                                                    ..
                                                                   -.-
                                                                  --.|
                                          +.-----      .---   ---+-..---
                                          |)G@i..---+-.....-+--........--+-
                                          %.----........--................|
                                               --.......-|..--------+-- .--
                                                |...{... ---             -
                                                --......
                                                ---....-
                                                |...|..
                                           .    |..--
                                           .    |...      -
                                           .    |-..
                                           .    |...
                                           -    |...
                                                --..
                                                 ---

DeathOnAStick the Excursionist  St:12 Dx:12 Co:18 In:12 Wi:6 Ch:11  Neutral S:2299
Dlvl:8  $:933 HP:0(58) Pw:12(12) AC:3  Xp:6/425 T:2465 

Latest messages:
 The dagger misses the gnomish wizard.
 You are hit by a dagger.
 Are you waiting to get hit?  Use 'm' prefix to force a no-op (to rest).
 You hit the gnomish wizard!
 The gnomish wizard drinks a potion of extra healing!
 The gnomish wizard looks much better.
 A crossbow bolt misses you.
 A crossbow bolt misses you.
 It is missed.
 It is hit!
 It is hit!
 It is destroyed!
 Are you waiting to get hit?  Use 'm' prefix to force a no-op (to rest).
 You hit the gnomish wizard!
 The gnomish wizard points all around, then curses.
 You are hit by a crossbow bolt.
 A crossbow bolt misses you.
 It is missed.
 The crossbow bolt misses the gnomish wizard.
 You are hit by a crossbow bolt.
 It is missed.
 The crossbow bolt hits the gnomish wizard.
 Are you waiting to get hit?  Use 'm' prefix to force a no-op (to rest).
 You swap places with Fido2.
 Are you waiting to get hit?  Use 'm' prefix to force a no-op (to rest).
 You hit the dwarf!
 You hear the chime of a cash register.
 You kill the dwarf!
 There are several objects here.
 You have trouble lifting a dwarf corpse.  Continue? [ynq] (q) y
 You have trouble lifting F - a dwarf corpse.
 You rebalance your load.  Movement is difficult.
 The quasit hits!
 The quasit hits again!
 The quasit misses!
 What do you want to drop? [$a-km-zA-DFJWZ or ?*] F
 You drop a dwarf corpse.
 Your movements are now unencumbered.
 The quasit hits!
 The quasit hits again!
 The quasit bites!
 You hear some noises.
 The quasit hits!
 The quasit's sting was poisoned!
 You die...
 Do you want your possessions identified? [ynq] (y) y
 Do you want to see your attributes? [ynq] (y) y
 Do you want an account of creatures vanquished? [ynaq] (y) y
 Do you want to see your conduct and achievements? [ynq] (y) y
 Do you want to see the dungeon overview? [ynq] (y) y

Inventory:
 Coins    ('$')
  $ - 933 gold pieces
 Weapons  (')')
  b - 29 +2 darts (at the ready)
  t - 7 +0 darts
  a - the +3 Orcrist (weapon in right hand)
 Armor    ('[')
  D - an uncursed +3 orcish helm (being worn)
  h - an uncursed +0 pair of gauntlets of dexterity (being worn)
  Z - an uncursed +0 pair of iron shoes (being worn)
 Comestibles  ('%')
  f - an uncursed randomfruit
  c - 5 uncursed food rations
  e - 2 uncursed pancakes
  m - an uncursed tripe ration
 Scrolls  ('?')
  z - an uncursed scroll of enchant armor
  g - a blessed scroll of enchant weapon
  W - an uncursed scroll of light
 Potions  ('!')
  J - an uncursed potion of healing
  C - a cursed potion of healing
  k - an uncursed potion of oil
 Rings    ('=')
  p - an uncursed ring of cold resistance
  n - an uncursed +5 ring of increase accuracy
  w - an uncursed ring of polymorph control
  o - an uncursed ring of protection from shape changers
  r - an uncursed ring of shock resistance
  q - an uncursed ring of warning
 Tools    ('(')
  y - an uncursed blindfold
  x - an uncursed credit card
  v - an expensive camera (0:52)
  d - a +0 pick-axe
  A - an uncursed tin whistle
  s - an uncursed towel
 Gems/Stones  ('*')
  B - an uncursed jade stone
  i - 2 uncursed worthless pieces of black glass
  u - an uncursed worthless piece of orange glass
  j - an uncursed worthless piece of yellowish brown glass

DeathOnAStick the Tourist's attributes:

Background:
 You were an Excursionist, a level 6 male human Tourist.
 You were neutral, on a mission for The Lady
 who was opposed by Blind Io (lawful) and Offler (chaotic).
 You were right-handed.
 You were in the Gnomish Mines, on level 8.
 You entered the dungeon 2465 turns ago.
 You had 425 experience points, 215 more were needed to attain level 7.
 Your score was 2299 before end-of-game adjustments.

Basics:
 You had 0 out of 58 hit points.
 You had all 12 energy points (spell power).
 Your armor class was 3.
 Your wallet contained 933 zorkmids.
 Autopickup was off.

Final Characteristics:
 Your strength was 12 (limit:18/100).
 Your dexterity was 12 (limit:18).
 Your constitution was 18 (limit:18).
 Your intelligence was 12 (limit:18).
 Your wisdom was 6 (peak:11, limit:18).
 Your charisma was 11 (limit:18).

Final Status:
 You weren't hungry.
 You were unencumbered.
 You were wielding a broadsword.
 You had basic skill with broadsword.

Final Attributes:
 You were piously aligned.
 You were aware of the presence of orcs.
 You are dead.

Miscellaneous:
 You didn't encounter any bones levels.
 Total elapsed playing time was 27 minutes and 24 seconds.

Major events:
 Turn
    1: DeathOnAStick the neutral male human Tourist entered the dungeon
  297: found Orcrist on the floor
 1178: attained the rank of Sightseer (level 3)
 1234: entered the Gnomish Mines
 2326: attained the rank of Excursionist (level 6)
 2397: reached Mine Town
 2465: killed by a quasit

You didn't know any spells.

Skills:
 Fighting Skills
   bare handed combat [Unskilled]
   two weapon combat  [Unskilled]
   riding             [Unskilled]
 Weapon Skills
   dagger             [Unskilled]
   knife              [Unskilled]
   axe                [Unskilled]
   pick-axe           [Unskilled]
   short sword        [Unskilled]
   broadsword         [Basic]
   long sword         [Unskilled]
   two-handed sword   [Unskilled]
   saber              [Unskilled]
   mace               [Unskilled]
   morning star       [Unskilled]
   flail              [Unskilled]
   hammer             [Unskilled]
   quarterstaff       [Unskilled]
   polearms           [Unskilled]
   spear              [Unskilled]
   trident            [Unskilled]
   lance              [Unskilled]
   bow                [Unskilled]
   sling              [Unskilled]
   crossbow           [Unskilled]
   dart               [Basic]
   shuriken           [Unskilled]
   boomerang          [Unskilled]
   whip               [Unskilled]
   unicorn horn       [Unskilled]
 Spellcasting Skills
   divination spells  [Unskilled]
   enchantment spells [Unskilled]
   escape spells      [Unskilled]

Voluntary challenges:
 Character rerolling was not enabled.
 You followed a strict vegan diet.
 You never genocided any monsters.
 You never polymorphed an object.
 You never changed form.
 You used no wishes.
Achievements:
 You entered a shop.
 You attained the rank of Sightseer.
 You entered the Gnomish Mines.
 You attained the rank of Excursionist.
 You entered Minetown.

 The Dungeons of Doom: levels 1 to 6
    Level 1:
    Level 2:
       A ring shop, a fountain.
    Level 3:
    Level 4:
       An altar.
       Stairs down to The Gnomish Mines.
    Level 5:
       A fountain.
    Level 6:
 The Gnomish Mines: levels 5 to 8
    Level 5:
    Level 6:
    Level 7:
    Level 8: <- You were here.
       A fountain.
       Final resting place for
          you, killed by a quasit.


Vanquished creatures:
 an imp
  2 yellow lights
  a shrieker
  a violet fungus
  2 gnome leaders
  2 elf zombies
  4 giant ants
  5 dwarves
  3 homunculi
  2 giant bats
  a hobbit
  3 manes
  a yellow mold
 18 gnomes
  a gecko
  a kobold
  2 goblins
  8 grid bugs
  a bat
  a lichen
  5 kobold zombies
  8 newts
73 creatures vanquished.

No species were genocided or became extinct.

Game over:
                       ----------
                      /          \
                     /    REST    \
                    /      IN      \
                   /     PEACE      \
                  /                  \
                  |  DeathOnAStick   |
                  |      933 Au      |
                  |   killed by a    |
                  |      quasit      |
                  |                  |
                  |                  |
                  |       2026       |
                 *|     *  *  *      | *
        _________)/\\_//(\/(/\)/\//\/|_)_______

Aloha DeathOnAStick the Tourist...

You died in The Gnomish Mines on dungeon level 8 with 2280 points,
and 933 pieces of gold, after 2465 moves.
You were level 6 with a maximum of 58 hit points when you died.

